AoeStats
← Rooney4494

Lombardia

510110682Analyzed
4v4 RM · 2d ago on Sep 29, 2026· 47m 15s· 8 players
Game mode
Random Map
Map size
Large (8 player)
Population
200
Speed
Normal
Resources
Standard
Victory
Conquest
Starting age
Dark Age
Ending age
Imperial Age
RankedLock teamsTeams togetherTeam positionsShared explorationLock speedFull tech treeHidden civsTurbo modeCheats
Victory
Defeat
🇷🇺 Celts · Russia
886
+6
🇨🇳 Mongols · China
822
+7
🇨🇱 Lithuanians · Chile
819
+7
🇨🇳 Bulgarians · China
799
+9
🇨🇳 Spanish · China
748
-11
🇺🇸 Persians · United States
675
-21
🇺🇸 Aztecs · United States
519
-5
🇪🇸 Vikings · Spain
516
-5
Kayak
no_1_KOUROS
12:22 Feudal Age
12:44 Horse Collar
12:52 Double-Bit Axe
18:09 Stone Mining
18:11 Gold Mining
21:15 Forging
21:12 Scale Barding Armor
23:28 Castle Age
22:28 Fletching
24:37 Bow Saw
24:29 Heavy Plow
26:14 Gold Shaft Mining
25:57 Bodkin Arrow
26:10 Padded Archer Armor
26:00 Town Watch
27:14 Scale Barding Armor
28:48 Leather Archer Armor
30:46 Iron Casting
33:56 Light Cavalry
39:01 Chain Barding Armor
44:32 Imperial Age
45:26 Fervor
49:15 Imperial Age
Rooney4494
11:26 Feudal Age
12:09 Arson
11:47 Man-at-Arms
13:10 Loom
13:39 Double-Bit Axe
13:38 Horse Collar
21:21 Forging
21:14 Scale Mail Armor
24:42 Castle Age
24:18 Wheelbarrow
23:29 Town Watch
27:32 Gambesons
27:07 Long Swordsman
27:54 Squires
29:40 Iron Casting
29:21 Chain Mail Armor
28:43 Elite Skirmisher
36:11 Padded Archer Armor
36:02 Fletching
37:19 Pikeman
41:10 Leather Archer Armor
40:52 Bodkin Arrow
欧皇
0:51 Loom
0:57 Loom
12:11 Feudal Age
15:34 Double-Bit Axe
23:10 Castle Age
21:05 Stone Mining
21:09 Gold Mining
21:03 Horse Collar
23:25 Town Watch
26:54 Heavy Plow
32:07 Scale Barding Armor
32:03 Scale Mail Armor
35:07 Caravan
35:08 Pikeman
36:14 Squires
40:49 Masonry
44:29 Bow Saw
45:02 Wheelbarrow
44:29 Town Patrol
44:58 Chain Barding Armor
44:52 Forging
50:10 Imperial Age
偷家王
10:32 Feudal Age
11:13 Double-Bit Axe
11:12 Horse Collar
21:40 Castle Age
19:26 Town Watch
22:41 Bow Saw
22:35 Heavy Plow
23:53 Wheelbarrow
23:50 Stone Mining
23:51 Gold Mining
29:00 Hand Cart
29:37 Gold Shaft Mining
31:01 Town Patrol
34:00 Imperial Age
31:17 Loom
31:50 Padded Archer Armor
31:40 Fletching
33:41 Leather Archer Armor
34:21 Bodkin Arrow
35:18 Conscription
35:09 Elite Mangudai
36:03 Bracer
40:04 Drill
40:17 Parthian Tactics
39:15 Heavy Cavalry Archer
40:03 Thumb Ring
41:26 Nomads
46:56 Ballistics
47:38 Chemistry
Carrizuwu
12:52 Feudal Age
16:19 Double-Bit Axe
18:52 Forging
18:39 Fletching
18:50 Padded Archer Armor
22:02 Loom
22:54 Wheelbarrow
23:04 Horse Collar
24:43 Town Watch
29:36 Castle Age
30:33 Bodkin Arrow
31:57 Thumb Ring
34:26 Crossbowman
41:17 Leather Archer Armor
40:28 Elite Skirmisher
43:44 Hand Cart
43:19 Town Watch
45:27 Ballistics
unknxwwwn
12:48 Feudal Age
16:28 Horse Collar
16:35 Double-Bit Axe
20:16 Castle Age
18:24 Stone Mining
18:24 Gold Mining
22:21 Bow Saw
24:19 Wheelbarrow
25:04 Forging
24:55 Scale Mail Armor
26:09 Heavy Plow
26:08 Murder Holes
27:07 Hand Cart
27:25 Stronghold
30:59 Gambesons
31:01 Arson
30:40 Pikeman
31:18 Loom
34:37 Imperial Age
33:09 Gold Shaft Mining
33:09 Stone Shaft Mining
33:45 Fortified Wall
33:54 Masonry
35:47 Conscription
36:41 Chain Mail Armor
37:02 Iron Casting
36:41 Siege Engineers
37:03 Furor Celtica
38:22 Caravan
39:02 Heavy Scorpion
40:48 Plate Mail Armor
41:18 Blast Furnace
39:55 Elite Woad Raider
42:04 Hoardings
42:58 Town Watch
木子李
10:55 Feudal Age
9:13 Loom
17:15 Castle Age
29:46 Horse Collar
29:55 Double-Bit Axe
32:04 Heavy Plow
37:00 Imperial Age
35:07 Wheelbarrow
36:03 Hand Cart
41:38 Bow Saw
42:43 Forging
42:34 Scale Mail Armor
43:23 Gambesons
43:00 Pikeman
43:41 Squires
43:27 Arson
44:31 Halberdier
Connection lost

Rejoining the realm…

Still unreachable

The connection could not be restored.

Session expired

The server has moved on; the page needs a fresh start.